AoeStats
← Inferno-_-

Black Forest

510290075Analyzed
4v4 RM · 2d ago on Sep 30, 2026· 14m 57s· 8 players
Game mode
Random Map
Map size
Large (8 player)
Population
200
Speed
Normal
Resources
Standard
Victory
Conquest
Starting age
Dark Age
Ending age
Imperial Age
RankedLock teamsTeams togetherTeam positionsShared explorationLock speedFull tech treeHidden civsTurbo modeCheats
Victory
Defeat
🇲🇽 Spanish · Mexico
1098
+13
🇺🇸 Tupi · United States
1049
+15
🇨🇱 Persians · Chile
1038
+16
🇦🇷 Bohemians · Argentina
990
+17
🇹🇼 Saracens · Taiwan
1073
-17
🇨🇳 Magyars · China
1043
-16
🇨🇳 Turks · China
1017
-15
🇨🇳 Danes · China
983
-13
铁大炮
8:51 Loom
11:28 Feudal Age
16:27 Castle Age
14:38 Double-Bit Axe
ThisIsGood
10:16 Feudal Age
dashjk
0:39 Loom
竹杖
9:50 Loom
11:40 Feudal Age
13:32 Horse Collar
15:56 Castle Age
Komfy Kaiju
1:02 Loom
humbertoliva
0:51 Loom
14:39 Feudal Age
Don Wea
10:44 Feudal Age
10:21 Loom
14:49 Castle Age
13:24 Double-Bit Axe
15:32 Bow Saw
Inferno-_-
6:08 Loom
11:58 Feudal Age
13:15 Feudal Age
Connection lost

Rejoining the realm…

Still unreachable

The connection could not be restored.

Session expired

The server has moved on; the page needs a fresh start.